 Dungeon Crawl Stone Soup version 0.32-a0-540-g866d13106e (webtiles) character file.

Game seed: 13022313386446760251

6707 Fodor the Cleaver (level 10, -5/84 (90) HPs)
             Began as a Minotaur Fighter on Feb 28, 2024.
             Was an Initiate of Gozag.
             Slain by a wight
             ... wielding a +0 halberd of distortion
              (10 damage)
             ... on level 8 of the Dungeon.
             The game lasted 00:29:00 (9040 turns).

Fodor the Cleaver (Minotaur Fighter)                Turns: 9040, Time: 00:29:00

HP:   -5/84 (90)    AC: 25    Str: 24    XL:     10   Next: 74%
MP:   9/9           EV:  7    Int:  5    God:    Gozag
Gold: 429           SH:  0    Dex: 11    Spells: 9/9 levels left

rFire   . . .        l - +4 dire flail (freeze)
rCold   . . .        (shield currently unavailable)
rNeg    . . .        b - +0 plate armour
rPois   .            (helmet restricted)
rElec   .            j - +0 cloak
rCorr   .            (no gloves)
SInv    .            E - +0 pair of boots
Will    .....        (no amulet) Stlth
                     t - +4 ring of protection
HPRegen 0.34/turn    u - +4 ring of protection
MPRegen 0.11/turn

%: no passive effects
@: about to teleport, drained
A: horns 2, retaliatory headbutt
a: Renounce Religion, Potion Petition, Call Merchant, Bribe Branch


You were on level 8 of the Dungeon.
You worshipped Gozag.
Gozag was aware of your devotion.
You visited 1 branch of the dungeon, and saw 9 of its levels.

You collected 1099 gold pieces.
You spent 626 gold pieces at shops.
You paid 44 gold pieces to Gozag.

Inventory:

Hand Weapons
 a - a +0 war axe
 l - a +4 dire flail of freezing (weapon)
 K - a +5 orcbow of electrocution
Armour
 b - a +0 plate armour (worn)
 j - a +0 cloak (worn)
 E - a +0 pair of boots (worn)
Jewellery
 t - a +4 ring of protection (left hand)
 u - a +4 ring of protection (right hand)
 w - a ring of ice
 H - a ring of fire
Wands
 z - a wand of paralysis (11)
 I - a wand of flame (25)
Scrolls
 d - a scroll of silence {unknown}
 e - 3 scrolls of immolation
 f - 3 scrolls of enchant weapon
 g - 3 scrolls of poison
 i - a scroll of teleportation
 n - a scroll of brand weapon {unknown}
 o - a scroll of amnesia {unknown}
 q - 2 scrolls of fear
 r - 3 scrolls of noise
 s - 5 scrolls of vulnerability
 x - a scroll of torment {unknown}
 y - a scroll of summoning {unknown}
 J - a scroll of fog {unknown}
Potions
 h - 5 potions of attraction
 k - 2 potions of degeneration {unknown}
 m - 3 potions of curing {unknown}
 p - a potion of heal wounds {unknown}
 v - 3 potions of mutation {unknown}
 B - 2 potions of cancellation {unknown}
 C - 3 potions of haste {unknown}
 D - a potion of brilliance {unknown}


   Skills:
 + Level 8.5 Fighting
 + Level 12.4 Axes
 + Level 5.3 Throwing
 + Level 10.2 Armour
 + Level 1.4 Dodging
 + Level 0.7 Stealth
 + Level 7.2 Shields


You had 9 spell levels left.
You didn't know any spells.
Your spell library contained the following spells:

 Spells                   Type           Power      Damage    Failure   Level
 Shock                    Conj/Air       0%         1d3       99%         1
 Sting                    Conj/Alch      0%         1d3       99%         1
 Mercury Vapours          Alch/Air       0%         N/A       100%        2
 Gell's Gravitas          Tloc           0%         N/A       100%        3
 Hailstorm                Conj/Ice       0%         3d5       100%        3
 Summon Ice Beast         Ice/Summ       0%         N/A       100%        3
 Swiftness                Air            0%         N/A       100%        3
 Teleport Other           Tloc           0%         N/A       100%        3
 Airstrike                Air            0%         2d(0-16)  100%        4
 Olgreb's Toxic Radiance  Alch           0%         N/A       100%        4
 Borgnjor's Vile Clutch   Necr/Erth      0%         N/A       100%        5
 Death Channel            Necr           0%         N/A       100%        6
 Dispersal                Tloc           0%         N/A       100%        6
 Sculpt Simulacrum        Ice/Alch       0%         N/A       100%        6
 Animate Dead             Necr           Unusable   N/A       N/A         4

Dungeon Overview and Level Annotations

Branches:
Dungeon (9/15)             Temple (0/1) D:6            Lair (0/5) D:8
    Orc: D:9-12

Altars:
Cheibriados
Dithmenos
Fedhas
Gozag
Hepliaklqana
Kikubaaqudgha
Ru
Wu Jian
Xom
The Shining One

Shops:
D:1 (   D:4 *

Annotations:
D:7 4 runed translucent doors


Innate Abilities, Weirdness & Mutations

You have a pair of horns on your head.
You reflexively headbutt those who attack you in melee.


Message History

The wight hits you but does no damage.
You blink.
The wight attacks as it pursues you! The wight hits you but does no damage.
The wight attacks as it pursues you!
The wight hits you with a +4 short sword.
The wight attacks as it pursues you! The wight hits you but does no damage.
Space warps around you.
The wight hits you with a +4 short sword.
You feel drained. The wight attacks as it pursues you!
The wight hits you but does no damage. Space warps around you.
The wight attacks as it pursues you!
The wight hits you with a +4 short sword.
The wight hits you but does no damage. The wight barely misses you.
You completely miss the wight. The wight barely misses you.
You closely miss the wight.
You headbutt the wight, but do no damage.
The wight hits you but does no damage. Space warps horribly around you!!
The wight hits you but does no damage. The wight hits you but does no damage.
You blink.
The wight attacks as it pursues you! The wight hits you but does no damage.
Space warps around you. The wight attacks as it pursues you!
The wight hits you but does no damage. Space warps around you.
The wight attacks as it pursues you!
The wight hits you from afar with a +0 halberd of distortion!
* * * LOW HITPOINT WARNING * * *
You feel drained.
* * * LOW HITPOINT WARNING * * *
Space warps around you.
* * * LOW HITPOINT WARNING * * *
Okay, then.
As you read the scroll of teleportation, it crumbles to dust.
You feel strangely unstable. The wight hits you but does no damage.
Space warps around you.
* * * LOW HITPOINT WARNING * * *
The wight attacks as it pursues you!
The wight hits you from afar with a +0 halberd of distortion.
* * * LOW HITPOINT WARNING * * *
Space warps horribly around you!
You die...
Your body crumbles into a pile of gold.

..........# ..........#
..........# ..........#
.+.######## #### .P.# #..
...# #.# ..## #.# ..## #@#
...# #.# .. ...# #z# ...
...# #.# ##.# P..# #z# ...
..## ###### #z####.######
..## #....######...........#
...###.........#...........#
#...##.........#...........#


You could see 3 wights.

Vanquished Creatures
  A two-headed ogre (D:7)
  Pikel (D:8)
  Jeremiah (D:8)
  2 komodo dragons (D:8)
  The ghost of zenocrate the Insei, an amateur OpSh (D:4)
  2 vampires
  6 yaks
  2 steam dragons
  3 water moccasins (D:8)
  A sky beast (D:7)
  A hornet zombie (D:4)
  An ice beast (D:6)
  2 black bears
  2 lemures (D:8)
  A phantom (D:7)
  4 centaurs
  A kobold brigand (D:7)
  3 bullfrogs
  3 scorpions
  9 wights
  4 killer bees (D:7)
  2 electric eels (D:6)
  A howler monkey (D:7)
  4 hounds
  An orc priest (D:6)
  4 jellies
  A centaur skeleton (D:4)
  2 gnoll boudas
  A sleepcap (D:7)
  5 orc wizards
  4 iguanas
  9 gnolls
  A howler monkey skeleton (D:4)
  7 adders
  2 shadow imps
  3 white imps
  5 ufetubi
  A ribbon worm (D:3)
  A dart slug (D:4)
  28 orcs
  5 bats
  9 endoplasms
  2 giant cockroaches
  3 goblins
  5 hobgoblins
  3 jackals (D:3)
  5 quokkas
  4 ball pythons
  5 frilled lizards
  9 kobolds
  4 rats
187 creatures vanquished.

Notes
Turn   | Place    | Note
-------+----------+-------------------------------------------
     0 | D:1      | Fodor the Minotaur Fighter began the quest for the Orb.
     0 | D:1      | Reached XP level 1. HP: 19/19 MP: 0/0
   213 | D:1      | Reached XP level 2. HP: 27/27 MP: 1/1
   619 | D:1      | Found Tagga's Antique Weapon Emporium.
  1011 | D:2      | Reached skill level 3 in Axes
  1011 | D:2      | Reached XP level 3. HP: 33/33 MP: 2/2
  1882 | D:3      | Reached skill level 1 in Throwing
  1983 | D:3      | Reached XP level 4. HP: 40/40 MP: 3/3
  2217 | D:3      | You fall into a shaft and drop 2 floors!
  2217 | D:5      | Entered Level 5 of the Dungeon
  2270 | D:5      | Reached skill level 5 in Armour
  2439 | D:4      | Reached XP level 5. HP: 46/47 MP: 4/4
  3427 | D:4      | Reached skill level 5 in Fighting
  3436 | D:4      | Reached XP level 6. HP: 56/56 MP: 5/5
  3445 | D:4      | Reached skill level 4 in Axes
  3641 | D:4      | Found Ynnoamap's General Store.
  3810 | D:4      | Found a runed translucent gate.
  3810 | D:4      | Found a runed translucent gate.
  3818 | D:4      | Found a runed translucent gate.
  4240 | D:4      | Noticed zenocrate's ghost (amateur OpSh)
  4258 | D:4      | Killed zenocrate's ghost
  4259 | D:4      | Reached skill level 5 in Axes
  4259 | D:4      | Reached XP level 7. HP: 54/61 MP: 6/6
  4448 | D:5      | Found a sacrificial altar of Ru.
  4449 | D:5      | Found a blossoming altar of Fedhas.
  4450 | D:5      | Found an ancient bone altar of Kikubaaqudgha.
  4451 | D:5      | Found an opulent altar of Gozag.
  4458 | D:5      | Became a worshipper of Gozag Ym Sagoz the Greedy
  4594 | D:5      | Found a hazy altar of Hepliaklqana.
  4620 | D:5      | Found a glowing golden altar of the Shining One.
  4643 | D:5      | Reached skill level 6 in Axes
  4771 | D:5      | Found a snail-covered altar of Cheibriados.
  4948 | D:4      | Bought a scroll of teleportation for 39 gold pieces
  4948 | D:4      | Bought a scroll of enchant weapon for 97 gold pieces
  4948 | D:4      | Bought a scroll of identify for 26 gold pieces
  5017 | D:6      | Reached skill level 5 in Shields
  5087 | D:6      | Reached skill level 7 in Axes
  5087 | D:6      | Reached XP level 8. HP: 70/70 MP: 7/7
  5416 | D:6      | Reached skill level 8 in Axes
  5704 | D:6      | Reached skill level 1 in Dodging
  5715 | D:6      | Reached XP level 9. HP: 71/78 MP: 8/8
  5868 | D:6      | Found a staircase to the Ecumenical Temple.
  6137 | D:6      | Reached skill level 9 in Axes
  6577 | D:7      | Found a shadowy altar of Dithmenos.
  6678 | D:7      | Reached skill level 5 in Throwing
  6991 | D:7      | Found a large runed translucent door.
  6991 | D:7      | Found a large runed translucent door.
  6993 | D:7      | Noticed a gargoyle
  6993 | D:7      | Noticed a komodo dragon
  7006 | D:7      | Found a large runed translucent door.
  7006 | D:7      | Found a large runed translucent door.
  7075 | D:7      | Reached skill level 10 in Axes
  7194 | D:7      | Noticed a two-headed ogre
  7204 | D:7      | Killed a two-headed ogre
  7205 | D:7      | Reached skill level 11 in Axes
  7205 | D:7      | Reached XP level 10. HP: 50/88 MP: 9/9
  7387 | D:7      | Identified the +1 chain mail of Pandemonium {Rampage Will-
                  | Str+6 Slay+3 Stlth+}
  7638 | D:4      | Bought a +5 orcbow of electrocution for 464 gold pieces
  7771 | D:8      | Noticed Jeremiah
  7821 | D:8      | Killed Jeremiah
  7887 | D:8      | Found a staircase to the Lair.
  8390 | D:8      | Reached skill level 12 in Axes
  8480 | D:8      | Reached skill level 10 in Armour
  8485 | D:8      | Noticed Pikel
  8526 | D:8      | Killed Pikel
  8846 | D:8      | Found a shimmering altar of Xom.
  8909 | D:8      | Found an ornate altar of the Wu Jian Council.
  9040 | D:8      | Slain by a wight

Illustrated notes

Levels and vault maps discovered:
D:1:      dpeg_arrival_connections, layout_basic, serial_shops,
          nicolae_shop_dealshenge, corexii_item_surrounded_by_moat
D:2:      layout_basic
D:3:      layout_loops_ring, serial_co_window_serial, co_window_paths_a,
          co_window_paths_b, co_window_paths_b, co_window_cross_1,
          co_window_of_opportunity_a, co_window_paths_c, co_window_corner_b,
          co_window_unsneaky_path_c, co_window_4corner_a, co_window_sun,
          glass_columns_b, glass_columns_a, nicolae_underground_beach
D:4:      layout_loops_ring, gammafunk_ghost_necromancy, serial_shops,
          nicolae_take_the_stairs, grunt_decor_fettered, corexii_shack
D:5:      layout_rooms, general_overflow_altar, mainiacjoe_overflow_24_doors,
          cheibriados_altar_1, mainiacjoe_overflow_alcove_3
D:6:      layout_loops_ring, minmay_temple_entry_glass, serial_demonic,
          serial_demonic_d, serial_demonic_c, serial_demonic_f,
          serial_demonic_b, chequers_big_river
D:7:      layout_loops_cross, nicolae_dithmenos_through_a_glass_darkly,
          minmay_hollow_rounded_squares
D:8:      layout_basic, nicolae_wu_jian_immortal_techniques,
          mainiacjoe_overflow_surrounded_room, due_lair_maze_entry_diamond,
          uniq_jeremiah, uniq_pikel
D:9:      layout_long_grid, chequers_jeans

Skill      XL: |  1  2  3  4  5  6  7  8  9 10 |
---------------+-------------------------------+-----
Shields        | 4 5 6 7 |  7.2
Armour         | 4 5 6 7 8 10 | 10.2
Fighting       | 4 5 6 7 8 |  8.5
Axes           | 3 5 7 8 11 12 | 12.4
Throwing       | 1 2 3 4 5 |  5.3
Dodging        | 1 |  1.4
Stealth        | |  0.7

Action                     |  1- 3 |  4- 6 |  7- 9 | 10-12 || total
---------------------------+-------+-------+-------+-------++-------
  Melee: War axe           |    80 |   112 |   232 |   158 ||   582
         Headbutt          |     5 |    14 |    47 |    28 ||    94
         Dire flail        |       |       |       |     6 ||     6
   Fire: Orcbow            |       |       |       |     3 ||     3
  Throw: Javelin           |    14 |       |     6 |       ||    20
         Boomerang         |     9 |    28 |    48 |       ||    85
    Use: Scroll            |       |     2 |     5 |     3 ||    10
         Potion            |       |       |     1 |     2 ||     3
 Armour: Scale mail        |    15 |       |       |       ||    15
         Plate armour      |    57 |   127 |   260 |   178 ||   622
  Dodge: Dodged            |    28 |    33 |    76 |    35 ||   172
  Block: Buckler           |    18 |    18 |    58 |    29 ||   123

Table legend: (Time is in decaauts)
 A = Elapsed time spent in this place.
 B = Non-inter-level travel time spent in this place.
 C = Inter-level travel time spent in this place.
 D = Time resting spent in this place.
 E = Time spent auto-exploring this place.
 F = Levels seen in this place.
 G = Mean time per level.
                   A        B        C        D        E       F      G
               +--------+--------+--------+--------+--------+-----+--------+
         Total |   9178 |   8807 |    371 |    895 |   5353 |   9 | 1019.8 |
       Dungeon |   9178 |   8807 |    371 |    895 |   5353 |   9 | 1019.8 |
               +--------+--------+--------+--------+--------+-----+--------+

Top non-repeatable levels by time:
     D:6: 1495 daAuts
     D:3: 1237 daAuts
     D:7: 1218 daAuts
     D:4: 1200 daAuts
     D:8: 1173 daAuts
     D:2: 1002 daAuts
     D:1: 883 daAuts
     D:5: 798 daAuts
     D:9: 167 daAuts
